Match 25345486
Unlisted

Match 25345486
End
Scout Squad
Selects Airborne Battlegroup
Selects Pathfinders
Construct Weapon Support Center
M1919 Machine Gun Team
Bazooka Squad
Selects Paratrooper Squad Paradrop
Paratrooper Squad Paradrop
Mechanized Support Center
M16 Multiple Gun Motor Carriage
M3 Armored Personnel Carrier
Construct Motor Pool
Designate Forward Repair Station
M1 Anti-tank Gun Team
Paratrooper Squad Paradrop
Selects Recon Loiter
Selects Paradrop Reinforcements
Construct Tank Depot
Recon Loiter
M4A1 Sherman Medium Tank
M4A1 76mm Conversion
Paratrooper Squad Paradrop
M4A1(76) Sherman Medium Tank
Selects Carpet Bombing Run
Carpet Bombing Run
M4A1(76) Sherman Medium Tank
Improvised Armor
M4A1(76) Sherman Medium Tank
Carpet Bombing Run
Paratrooper Squad Paradrop
M18 Hellcat Tank Destroyer
YangXYZ
Ray Nienholds
DeSack'O'Potatoes
The Walking Brain
FlyingBrit
Tomaj
0
0

Comments sign in to comment!

No comments posted yet!